 Dungeon Sprint DCSS version 0.17-a0-1522-g6c5b4ba (webtiles) character file.

16779 ztt the Imperceptible (level 12, -44/56 HPs)
             Began as a Spriggan Enchanter on July 14, 2015.
             Was the Champion of Dithmenos.
             Killed from afar by Lom Lobon (62 damage)
             ... with a great icy blast
             ... in the Dungeon (Sprint I: "Red Sonja").
             The game lasted 00:27:00 (5408 turns).

ztt the Imperceptible (Spriggan Enchanter)          Turns: 5408, Time: 00:27:00

Health: -44/56     AC:  6    Str:  4    XL:     12   Next: 13%
Magic:  32/32      EV: 28    Int: 23    God:    Dithmenos [******]
Gold:   2073       SH:  0    Dex: 17    Spells: 3 memorised, 35 levels left

rFire  . . .     SeeInvis +     a - +1 dagger
rCold  . . .     Clarity  .     o - +2 robe {Archmagi}
rNeg   . . .     SustAt   .     (shield restricted)
rPois  .         Gourm    .     d - +2 hat
rElec  .         Spirit   .     (no cloak)
rCorr  .         Warding  .     (gloves unavailable)
rMut   .         NoTele   +     (boots unavailable)
MR     ++...                    (no amulet)
Stlth  ++++++++++               s - ring of wizardry
                                k - +2 ring of intelligence

@: flying (expiring), wreathed by umbra, very quick, very resistant to hostile
enchantments, uncannily stealthy
A: unfitting armour, see invisible, herbivore 3, speed 3, slow metabolism 2
a: Shadow Step, Shadow Form, Renounce Religion


You were in the Dungeon.
You worshipped Dithmenos.
Dithmenos was exalted by your worship.
You were not hungry.

You visited 1 branch You collected 4075 gold pieces.
You spent 2002 gold pieces at shops.

Inventory:

Hand weapons
 a - a +1 dagger (weapon)
Armour
 d - a +2 hat (worn)
 o - a +2 robe of the Archmagi (worn)
Jewellery
 g - an uncursed amulet of warding {unknown}
 k - a +2 ring of intelligence (left hand)
 r - an amulet "Hifienow" {rCorr Str+4 Slay+2}
   (You bought it in a shop in the Dungeon)

   [amulet of resist corrosion]

   It protects you from acid and corrosion.
   It affects your strength (+4).
   It affects your accuracy and damage with ranged weapons and melee attacks
   (+2).
 s - a ring of wizardry (right hand)
Magical devices
 i - a wand of hasting (6)
Scrolls
 b - a scroll of remove curse
 f - a scroll of magic mapping {unknown}
 j - 2 scrolls of blinking
Potions
 e - 3 potions of curing
 h - 2 potions of magic
 p - a potion of might {unknown}
 q - a potion of agility {unknown}
Books
 c - a book of Maledictions

   Spells                             Type                      Level
   a - Corona                         Hexes                        1
   b - Ensorcelled Hibernation        Hexes/Ice                    2
   c - Confuse                        Hexes                        3
   d - Tukima's Dance                 Hexes                        3
   e - Dazzling Spray                 Conjuration/Hexes            3
 l - a book of Envenomations

   Spells                             Type                      Level
   a - Spider Form                    Transmutation/Poison         3
   b - Alistair's Intoxication        Transmutation/Poison         4
   c - Olgreb's Toxic Radiance        Poison                       4
   d - Poisonous Cloud                Conjuration/Poison/Air       6
Comestibles
 m - 5 bread rations
 n - 5 fruits


   Skills:
 + Level 3.1 Fighting
 * Level 12.4 Short Blades
 + Level 12.3 Dodging
 * Level 26.2 Stealth
 + Level 15.3 Spellcasting
 + Level 16.6 Hexes
 + Level 2.7 Ice Magic


You had 35 spell levels left.
You knew the following spells:

 Your Spells              Type           Power        Failure   Level  Hunger
a - Corona                Hex            #######      0%          1    None
b - Ensorcelled Hibernat  Hex/Ice        ######       1%          2    None
c - Confuse               Hex            #######.     0%          3    None


Dungeon Overview and Level Annotations

Branches:
Dungeon (1/1)

Altars:
Cheibriados
Dithmenos
Elyvilon
Fedhas
Gozag
Kikubaaqudgha
Makhleb
Nemelex Xobeh
Okawaru
Qazlal
Ru
Sif Muna
Trog
Vehumet
Xom
Yredelemnul
Zin
The Shining One
Jiyva

Shops:
D !*[%**}(!*%[(([=

Annotations:
D exclusion: oklob plant, Lom Lobon, Norris


Innate Abilities, Weirdness & Mutations

You are tiny and cannot use many weapons and most armour.
You have supernaturally acute eyesight.
You are a herbivore.
You cover ground extremely quickly.
You need consume almost no food.


Message History

Really walk into a travel-excluded area?
Lom Lobon screams, "Slither away, thou hateful beetle-headed sopling!"
Lom Lobon blinks!
The oklob plant spits acid at you. The splash of acid hits you!
The acid burns!
You see here a spear.
The oklob plant spits acid at you. The splash of acid misses you.
Lom Lobon gestures.
A great vortex of raging winds appears around Lom Lobon!
There is an open door here.
The vortex of raging winds lifts you up.
You fly up into the air.
The oklob plant spits acid at you. The splash of acid misses you.
Lom Lobon gestures at you.
Lom Lobon conjures a mighty blast of ice!
The great icy blast engulfs you!
Ouch! That really hurt!
You die...

.#§§§###..###$#..≈###+##
§'§§§..##.#A#$#..§.[#
.#§§§..#..###$#§§§§##
.###§§##.##..$#§§§##
###.§###.. +###§§§#
####..###.x #P§§&## #$#
#..#..#.###x#§§§§# #(#
#.........#x###§§# #$#
#§§.......# #.§§@# ##§#
'§.....#### #.##'## #§$#
##...### #^#≈≈≈## ##$§# #####
####§#≈≈≈≈## ##$$$#
###.§§§#≈≈≈≈≈########§)$.#
#§§..####≈≈≈≈#≈≈≈≈≈#§.§..#
.§......#..#'≈≈≈'≈≈†≈≈§§§§..#
..§§§§.§#...##≈≈#≈≈≈≈≈#§§≈..#
§§&§§.§.#....######+#####§≈≈#


You could see Lom Lobon and an oklob plant.

Vanquished Creatures
  the Lernaean hydra (D)
  A deep elf annihilator (D)
  A lorocyproca (D)
  A mummy priest (D)
  A hydra (D)
  2 centaur warriors (D)
  Sonja (D)
  A deep troll (D)
  2 unseen horrors (D)
  A lindwurm (D)
  An oklob plant (D)
  2 sirens (D)
  A gargoyle (D)
  2 kobold demonologists (D)
  A hellwing (D)
  A slime creature (D)
  Sigmund (D)
  A yak (D)
  4 trapdoor spiders (D)
  13 hogs (D)
  2 wasps (D)
  7 necrophages (D)
  An ogre (D)
  8 jellies (D)
  Ijyb (D)
  3 giant eyeballs (D)
  A ballistomycete (D)
  A giant spore (D)
63 creatures vanquished.

Vanquished Creatures (others)
  A gargoyle (D)
  3 wasps (D)
  A giant spore (D)
5 creatures vanquished.

Grand Total: 68 creatures vanquished

Notes
Turn   | Place    | Note
--------------------------------------------------------------
     0 | D        | ztt the Spriggan Enchanter began the quest for the Orb.
     0 | D        | Reached XP level 1. HP: 9/9 MP: 5/5
     1 | D        | Noticed Ijyb
    23 | D        | Killed Ijyb
    23 | D        | Reached skill level 7 in Stealth
    23 | D        | Reached skill level 5 in Hexes
    23 | D        | Reached XP level 2. HP: 2/13 MP: 7/7
   205 | D        | Killed a gargoyle
   280 | D        | Learned a level 2 spell: Ensorcelled Hibernation
   281 | D        | Noticed an ogre
   283 | D        | Killed an ogre
   283 | D        | Reached skill level 10 in Stealth
   283 | D        | Reached XP level 3. HP: 15/17 MP: 7/9
   283 | D        | Reached XP level 4. HP: 18/21 MP: 8/11
   339 | D        | Learned a level 3 spell: Confuse
   340 | D        | Noticed Sigmund
   343 | D        | Killed Sigmund
   343 | D        | Reached skill level 1 in Fighting
   343 | D        | Reached skill level 5 in Dodging
   343 | D        | Reached skill level 13 in Stealth
   343 | D        | Reached skill level 5 in Spellcasting
   343 | D        | Reached XP level 5. HP: 23/25 MP: 11/13
   380 | D        | Found a snail-covered altar of Cheibriados.
   380 | D        | Found a shadowy altar of Dithmenos.
   380 | D        | Noticed a slime creature
   381 | D        | Found a viscous altar of Jiyva.
   381 | D        | Found a blossoming altar of Fedhas.
   383 | D        | Killed a slime creature
   383 | D        | Reached skill level 15 in Stealth
   383 | D        | Reached XP level 6. HP: 30/30 MP: 13/15
   399 | D        | Found a deep blue altar of Sif Muna.
   399 | D        | Noticed a jelly
   401 | D        | Found a radiant altar of Vehumet.
   405 | D        | Killed a jelly
   430 | D        | Found Rezxa's Distillery.
   430 | D        | Found a white marble altar of Elyvilon.
   430 | D        | Found a stormy altar of Qazlal.
   430 | D        | Found a burning altar of Makhleb.
   430 | D        | Found a sacrificial altar of Ru.
   430 | D        | Found a basalt altar of Yredelemnul.
   430 | D        | Found a glowing golden altar of the Shining One.
   430 | D        | Found a sparkling altar of Nemelex Xobeh.
   430 | D        | Found a shimmering altar of Xom.
   430 | D        | Found an opulent altar of Gozag.
   430 | D        | Found an ancient bone altar of Kikubaaqudgha.
   430 | D        | Found a glowing silver altar of Zin.
   430 | D        | Noticed a yak
   431 | D        | Found an iron altar of Okawaru.
   432 | D        | Killed a yak
   432 | D        | Reached skill level 16 in Stealth
   432 | D        | Reached skill level 10 in Hexes
   432 | D        | Reached XP level 7. HP: 33/33 MP: 15/17
   433 | D        | Found a bloodstained altar of Trog.
   458 | D        | Bought a potion of heal wounds for 70 gold pieces
   458 | D        | Bought a potion of heal wounds for 70 gold pieces
   471 | D        | Became a worshipper of Dithmenos the Shadowed
   482 | D        | Noticed a kobold demonologist
   483 | D        | Noticed a kobold demonologist
   485 | D        | Killed a kobold demonologist
   485 | D        | Reached skill level 17 in Stealth
   488 | D        | Killed a kobold demonologist
   488 | D        | Reached skill level 18 in Stealth
   488 | D        | Reached XP level 8. HP: 37/39 MP: 17/19
   494 | D        | Noticed a demonic crawler
   494 | D        | Noticed a demonic crawler
   494 | D        | Noticed a demonic crawler
   494 | D        | Noticed a demonic crawler
  1421 | D        | Noticed Sonja
  1425 | D        | Killed Sonja
  1425 | D        | Reached skill level 5 in Short Blades
  1425 | D        | Reached skill level 19 in Stealth
  1738 | D        | Noticed a deep troll
  1742 | D        | Killed a deep troll
  1742 | D        | Reached XP level 9. HP: 42/42 MP: 21/23
  1790 | D        | Found Raprig's Armour Emporium.
  1797 | D        | Bought a +2 robe of the Archmagi for 452 gold pieces
  1819 | D        | Noticed a centaur warrior
  1819 | D        | Noticed a centaur warrior
  1822 | D        | Killed a centaur warrior
  1822 | D        | Acquired Dithmenos's first power
  1822 | D        | Reached skill level 10 in Dodging
  1822 | D        | Reached skill level 10 in Spellcasting
  1825 | D        | Killed a centaur warrior
  1825 | D        | Reached skill level 20 in Stealth
  1885 | D        | Noticed a wasp
  1888 | D        | Killed a wasp
  1898 | D        | Noticed an oklob plant
  1900 | D        | Killed an oklob plant
  1900 | D        | Reached XP level 10. HP: 47/47 MP: 26/26
  1904 | D        | Noticed a trapdoor spider
  1904 | D        | Noticed a trapdoor spider
  2023 | D        | Noticed a trapdoor spider
  2393 | D        | Noticed a lindwurm
  2395 | D        | Killed a lindwurm
  2401 | D        | Noticed a hog
  2401 | D        | Noticed a hog
  2401 | D        | Noticed a hog
  2401 | D        | Noticed a hog
  2401 | D        | Noticed a hog
  2401 | D        | Noticed a hog
  2401 | D        | Noticed a hog
  2401 | D        | Noticed a hog
  2401 | D        | Noticed a hog
  2407 | D        | Killed a hog
  2407 | D        | Acquired Dithmenos's second power
  2411 | D        | Killed a hog
  2411 | D        | Reached skill level 21 in Stealth
  2411 | D        | Reached skill level 1 in Ice Magic
  2413 | D        | Killed a hog
  2416 | D        | Killed a hog
  2426 | D        | Killed a hog
  2426 | D        | Acquired Dithmenos's third power
  2428 | D        | Killed a hog
  2528 | D        | Noticed a hog
  2546 | D        | Killed a hog
  2553 | D        | Killed a hog
  2560 | D        | Killed a hog
  2588 | D        | Killed a hog
  2681 | D        | Noticed a hog
  2681 | D        | Noticed a hog
  2681 | D        | Noticed a hog
  2684 | D        | Killed a hog
  2684 | D        | Acquired Dithmenos's fourth power
  2685 | D        | Killed a hog
  2687 | D        | Killed a hog
  2689 | D        | Noticed a 12-headed hydra
  2722 | D        | Killed a 12-headed hydra
  2722 | D        | Reached skill level 10 in Short Blades
  2722 | D        | Reached skill level 22 in Stealth
  2784 | D        | Noticed a siren
  2784 | D        | Noticed a deep elf annihilator
  2795 | D        | Noticed a daeva
  2811 | D        | Noticed a gargoyle
  2823 | D        | Killed a gargoyle
  2997 | D        | Killed a trapdoor spider
  3011 | D        | Killed a trapdoor spider
  3018 | D        | Killed a trapdoor spider
  3025 | D        | Noticed a trapdoor spider
  3029 | D        | Killed a trapdoor spider
  3029 | D        | Reached XP level 11. HP: 52/52 MP: 19/28
  3073 | D        | Noticed an unseen horror
  3078 | D        | Noticed an unseen horror
  3078 | D        | Killed an unseen horror
  3078 | D        | Reached skill level 23 in Stealth
  3086 | D        | Killed an unseen horror
  3134 | D        | Noticed a jelly
  3134 | D        | Noticed a jelly
  3134 | D        | Noticed a jelly
  3134 | D        | Noticed a jelly
  3134 | D        | Noticed a jelly
  3134 | D        | Noticed a jelly
  3134 | D        | Noticed a jelly
  3136 | D        | Noticed a necrophage
  3137 | D        | Noticed a necrophage
  3137 | D        | Noticed a necrophage
  3138 | D        | Killed a jelly
  3139 | D        | Noticed a necrophage
  3139 | D        | Noticed a necrophage
  3158 | D        | Killed a jelly
  3213 | D        | Killed a jelly
  3230 | D        | Found Jelou's Antique Armour Shoppe.
  3239 | D        | Killed a jelly
  3242 | D        | Found Huler's General Store.
  3242 | D        | Found Saifoa's Food Boutique.
  3242 | D        | Noticed a necrophage
  3242 | D        | Noticed a necrophage
  3243 | D        | Killed a jelly
  3244 | D        | Killed a jelly
  3245 | D        | Found Abroroqi's Antique Weapon Boutique.
  3245 | D        | Found Oddekhlei's Weapon Emporium.
  3246 | D        | Killed a jelly
  3259 | D        | Killed a necrophage
  3273 | D        | Killed a necrophage
  3291 | D        | Killed a necrophage
  3340 | D        | Killed a necrophage
  3340 | D        | Reached skill level 15 in Hexes
  3350 | D        | Found Zahug's Jewellery Emporium.
  3352 | D        | Killed a necrophage
  3352 | D        | Reached skill level 24 in Stealth
  3355 | D        | Killed a necrophage
  3358 | D        | Killed a necrophage
  3372 | D        | Found Quall's General Store.
  3372 | D        | Found Zeawev's Assorted Antiques.
  3372 | D        | Found Usebyr's Gadget Shoppe.
  3372 | D        | Found Hyogg's Weapon Boutique.
  3372 | D        | Found Aguog's Distillery.
  3372 | D        | Found Peixuace's Assorted Antiques.
  3372 | D        | Found Icsuruid's Food Shoppe.
  3374 | D        | Bought a potion of curing for 30 gold pieces
  3376 | D        | Bought a glowing hat for 88 gold pieces
  3382 | D        | Bought a bread ration for 55 gold pieces
  3382 | D        | Bought a bread ration for 55 gold pieces
  3382 | D        | Bought a bread ration for 55 gold pieces
  3382 | D        | Bought a bread ration for 55 gold pieces
  3382 | D        | Bought 5 fruits for 82 gold pieces
  3382 | D        | Bought a bread ration for 55 gold pieces
  3382 | D        | Found Kuozif's Armour Boutique.
  3384 | D        | Bought a sedimented yellow potion for 25 gold pieces
  3384 | D        | Bought a white potion for 25 gold pieces
  3393 | D        | Bought an amulet "Hifienow" {rCorr Str+4 Slay+2} for 525 gold pieces
  3393 | D        | Bought an uncursed ring of wizardry for 360 gold pieces
  3762 | D        | Noticed an unseen horror
  3762 | D        | Noticed an unseen horror
  3762 | D        | Noticed an unseen horror
  3778 | D        | Noticed a hellwing
  3779 | D        | Noticed a siren
  3780 | D        | Noticed a wasp
  3780 | D        | Noticed a wasp
  3781 | D        | Noticed a mummy priest
  3781 | D        | Noticed a wasp
  3781 | D        | Noticed a wasp
  3782 | D        | Killed a siren
  3785 | D        | Noticed an oklob plant
  3787 | D        | Killed a siren
  3820 | D        | Killed a hellwing
  3877 | D        | Killed a wasp
  3905 | D        | Killed a wasp
  3973 | D        | Killed a deep elf annihilator
  3973 | D        | Reached skill level 25 in Stealth
  4101 | D        | Killed a wasp
  4112 | D        | Killed a wasp
  4204 | D        | Killed a mummy priest
  4205 | D        | Noticed a soul eater
  4535 | D        | Noticed Norris
  4535 | D        | Noticed a lorocyproca
  4550 | D        | Killed a lorocyproca
  4972 | D        | Noticed Lom Lobon
  5014 | D        | Noticed the 27-headed Lernaean hydra
  5018 | D        | Killed the 27-headed Lernaean hydra
  5018 | D        | Reached skill level 26 in Stealth
  5018 | D        | Reached skill level 15 in Spellcasting
  5018 | D        | Reached XP level 12. HP: 56/56 MP: 30/32
  5020 | D        | Noticed a deep elf master archer
  5408 | D        | Killed from afar by Lom Lobon

Vault maps used:
D:        dungeon_sprint_1

Action                   |  1- 3 |  4- 6 |  7- 9 | 10-12 || total
-------------------------+-------+-------+-------+-------++-------
Melee: Dagger            |    19 |     4 |    30 |   105 ||   158
 Cast: Corona            |     1 |       |       |       ||     1
       Confuse           |       |       |    24 |    39 ||    63
       Ensorcelled Hiber |       |       |     2 |    24 ||    26
  Use: Potion            |     1 |       |       |     5 ||     6
       Scroll            |       |       |     2 |       ||     2
 Stab: Sleeping          |     2 |     4 |     9 |    23 ||    38
       Confused          |       |       |       |    22 ||    22
       Distracted        |       |       |       |     1 ||     1
  Eat: Bread ration      |       |       |       |     1 ||     1
